Map: [ESL] Inside and Out

Players

Astrea - Winner!

  • Race: Protoss Protoss
  • League: Master
  • Spawn Location: 1:00

HeroMarine

  • Race: Terran Terran
  • League: Master
  • Spawn Location: 7:00

Event: HomeStory Cup XXII

VOD

Have the link to the VOD?

Description

Time

  • Played on: Dec. 16, 2022, 11:46 a.m.
  • Length: 10:13

All games in this series

Show
View Real Time Build Order
Export as new Build Order

Astrea Protoss - Winner!

Build Orders: 1 Gate Expand, Blink Stalkers, Colossus Rush 

Get SALT Encoding   

  12  0:00  Probe  
  13  0:12  Probe  
  14  0:16  Pylon  
  14  0:24  Probe (Chrono Boost)  
  16  0:35  Gateway  
  16  0:36  Probe (Chrono Boost)  
  16  0:42  Probe (Chrono Boost)  
  16  0:45  Assimilator  
  17  0:51  Probe  
  18  1:03  Probe  
  19  1:15  Probe  
  20  1:22  Nexus  
  20  1:30  Cybernetics Core  
  20  1:34  Probe  
  21  1:41  Assimilator  
  21  1:46  Probe  
  22  1:49  Pylon  
  22  1:58  Probe  
  23  2:04  Adept (Chrono Boost)  
  23  2:07  Warp Gate  
  25  2:10  Probe  
  26  2:18  Twilight Council  
  26  2:22  Probe  
  27  2:27  Stalker  
  29  2:34  Probe  
  29  2:35  Probe  
  31  2:46  Probe  
  31  2:47  Probe  
  33  2:56  Stalker (Chrono Boost)  
  33  2:58  Probe  
  33  2:59  Probe  
  33  3:00  Blink (Chrono Boost)  
  33  3:01  Shield Battery  
  35  3:11  Probe x2  
  37  3:23  Probe x2  
  37  3:26  Robotics Facility  
  37  3:30  Pylon  
  37  3:35  Probe x2  
  37  3:38  Gateway  
  37  3:41  Gateway  
  39  3:47  Probe  
  39  3:48  Probe  
  41  3:55  Stalker, Pylon  
  43  3:59  Probe  
  44  4:03  Probe  
  44  4:09  Assimilator  
  45  4:11  Probe, Assimilator  
  45  4:12  Pylon  
  45  4:13  Observer (Chrono Boost)  
  45  4:15  Probe  
  48  4:17  Robotics Bay  
  48  4:21  Shield Battery  
  48  4:23  Probe  
  49  4:25  Stalker  
  49  4:27  Probe  
  52  4:35  Probe  
  52  4:37  Stalker  
  54  4:39  Probe, Stalker  
  57  4:47  Probe  
  57  4:51  Probe  
  59  5:03  Nexus  
  59  5:05  Colossus (Chrono Boost)  
  58  5:12  Probe x2  
  65  5:15  Charge  
  65  5:18  Pylon  
  65  5:22  Stalker  
  65  5:28  Extended Thermal Lance  
  67  5:40  Probe  
  67  5:42  Probe  
  65  5:44  Stalker x2  
  65  5:49  Colossus (Chrono Boost)  
  75  6:05  Gateway  
  75  6:06  Gateway x2  
  75  6:09  Sentry  
  77  6:15  Zealot, Sentry  
  81  6:20  Pylon  
  81  6:24  Gateway  
  81  6:30  Colossus (Chrono Boost)  
  87  6:34  Zealot  
  87  6:37  Zealot  
  91  6:42  Zealot  
  93  6:47  Probe x3  
  93  6:49  Pylon  
  94  6:58  Zealot  
  94  6:59  Zealot  
  98  7:01  Pylon  
  98  7:06  Templar Archives  
  98  7:08  Zealot x2  
  98  7:09  Zealot  
  98  7:10  Zealot  
  98  7:11  Disruptor (Chrono Boost)  
  103  7:30  Zealot x6  
  103  7:37  Disruptor (Chrono Boost)  
  103  7:39  Zealot  
  102  7:53  Zealot x6  
  114  8:00  Pylon  
  114  8:06  Disruptor  
  114  8:09  Pylon  
  117  8:17  Pylon  
  117  8:18  Pylon  
  117  8:24  Shield Battery  
  117  8:26  Zealot x2  
  105  8:35  Nexus  
  97  8:42  Disruptor  
  97  8:45  Zealot x5  
  108  8:51  Zealot  
  106  9:04  Zealot  
  106  9:07  Stalker x3  
  108  9:10  Zealot  
  110  9:21  Pylon  
  110  9:23  Pylon  
  102  9:40  Zealot x4  
  110  9:48  Zealot x3  
Show
View Real Time Build Order
Export as new Build Order

HeroMarine Terran 

Build Orders:  

Get SALT Encoding   

  12  0:00  SCV  
  13  0:12  SCV  
  14  0:17  Supply Depot  
  14  0:24  SCV  
  15  0:38  SCV  
  15  0:40  Barracks  
  16  0:43  Refinery  
  16  0:50  SCV  
  16  0:52  Refinery  
  17  1:02  SCV  
  18  1:15  SCV  
  18  1:16  Supply Depot  
  19  1:26  Reaper  
  19  1:27  Orbital Command  
  20  1:41  Factory  
  20  1:52  SCV  
  21  1:59  Reaper  
  22  2:04  SCV  
  23  2:16  Command Center  
  23  2:19  SCV  
  24  2:26  Hellion  
  26  2:31  SCV  
  27  2:37  Barracks Reactor  
  27  2:43  SCV  
  28  2:46  Supply Depot  
  28  2:49  Widow Mine  
  30  2:57  SCV  
  31  3:02  Starport  
  31  3:09  SCV  
  31  3:11  Widow Mine  
  32  3:22  Marine x2  
  32  3:24  SCV  
  33  3:28  Orbital Command  
  33  3:32  Widow Mine  
  35  3:36  SCV  
  35  3:38  Medivac  
  35  3:40  Marine x2  
  40  3:44  Bunker  
  40  3:48  SCV  
  40  3:53  Supply Depot, SCV  
  40  3:54  Factory Tech Lab  
  42  3:58  Marine x2  
  42  4:00  SCV  
  45  4:06  SCV  
  46  4:12  SCV  
  46  4:16  Barracks, Marine x2  
  49  4:17  Raven  
  49  4:18  SCV  
  49  4:19  Factory Tech Lab  
  49  4:23  Supply Depot  
  52  4:25  SCV  
  52  4:30  SCV  
  54  4:34  Marine x2  
  54  4:37  SCV  
  57  4:40  Barracks, Siege Tank  
  57  4:42  SCV  
  61  4:49  SCV  
  61  4:51  Marine x2  
  60  4:54  Engineering Bay, SCV  
  60  4:55  Refinery  
  61  5:01  SCV  
  61  5:06  SCV  
  63  5:08  Stimpack  
  63  5:09  Marine x3  
  63  5:12  Refinery, Siege Tank  
  69  5:15  SCV  
  70  5:23  Barracks x2  
  70  5:26  Terran Infantry Weapons Level 1  
  70  5:28  Barracks Tech Lab  
  70  5:32  Supply Depot  
  70  5:33  Supply Depot  
  70  5:48  Marine x2  
  70  5:50  Starport Reactor  
  70  5:51  Supply Depot  
  70  5:54  SCV x2, Marauder x2  
  70  5:55  Siege Tank  
  79  5:57  Supply Depot  
  79  6:04  Combat Shield  
  78  6:06  Marine x2  
  82  6:13  Supply Depot, Marine  
  82  6:14  Marine  
  82  6:16  Marauder x2  
  86  6:25  Medivac x2  
  86  6:28  Supply Depot x2  
  86  6:30  Marine x2  
  86  6:32  Marine  
  93  6:33  Marine  
  93  6:37  Marauder  
  93  6:38  Marauder, Siege Tank  
  101  6:51  Marine x2  
  103  6:56  Viking x2  
  103  6:58  Marauder  
  103  6:59  Marauder  
  110  7:06  Supply Depot, Marine  
  110  7:07  Marine  
  112  7:11  Marine x2  
  114  7:18  Supply Depot  
  114  7:20  Marauder  
  114  7:21  Marauder  
  118  7:26  Viking x2  
  110  7:41  Marauder  
  110  7:42  Marauder, Marine x3  
  110  7:43  Siege Tank, Marine  
  120  7:56  Viking x2  
  124  8:01  Marine x2  
  124  8:02  Marauder, Marine  
  124  8:03  Marauder  
  131  8:09  Marine  
  128  8:15  Siege Tank  
  128  8:19  Marine x2  
  124  8:20  Marine  
  124  8:24  Marauder, Marine  
  118  8:27  Marine  
  118  8:31  Medivac  
  105  8:36  Marine  
  105  8:37  Marine  
  105  8:38  Marine  
  88  8:53  Marauder x2  
  88  8:54  Marine x3  
  84  9:05  Marine  
  84  9:08  Siege Tank  
  80  9:12  Marine  
  80  9:16  Marauder  
  82  9:27  Marine x2  
  67  9:32  Marine x2  
  62  9:38  Marine x2  
  62  9:40  Siege Tank  
  62  9:44  Marine x2  
  68  9:49  Marine  
  67  9:55  SCV  
Tags
 
Add a new tag
Caveats
  • Supply blocks, unpowered buildings, or Contaminate may cause inaccurate times.
  • Supply counts are checked every 10 seconds.